 Dungeon Crawl Stone Soup version 0.30-a0-760-g5a9884bb7c (webtiles) character file.

Game seed: 8550205836223012402

1642 HoaS the Skirmisher (level 8, -3/60 HPs)
             Began as a Demigod Hunter on Feb 11, 2023.
             Shot with an arrow by an orc warrior (15 damage)
             ... on level 7 of the Dungeon.
             The game lasted 00:13:25 (5781 turns).

HoaS the Skirmisher (Demigod Hunter)                Turns: 5781, Time: 00:13:25

Health: -3/60      AC:  8    Str: 12    XL:     8   Next: 39%
Magic:  10/10      EV: 12    Int: 11    God:
Gold:   303        SH:  0    Dex: 31    Spells: 7/7 levels left

rFire   . . .      SeeInvis .    a - +2 shortbow
rCold   . . .      Faith    .    (shield currently unavailable)
rNeg    . . .      Spirit   .    c - +0 leather armour
rPois   .          Reflect  .    i - +1 helmet
rElec   .          Harm     .    s - +2 cloak
rCorr   .          Rampage  .    (no gloves)
Will    +....                    (no boots)
Stlth   ++                       (no amulet)
HPRegen 0.30/turn                k - +6 ring of dexterity
MPRegen 0.12/turn                h - ring of willpower

@: no status effects
A: high MP 1, forlorn, divine attributes
a: no special abilities


You were on level 7 of the Dungeon.
You visited 1 branch of the dungeon, and saw 7 of its levels.
You also visited: Sewer.

You collected 429 gold pieces.
You spent 126 gold pieces at shops.

Inventory:

Hand Weapons
 a - a +2 shortbow (weapon)
Armour
 c - a +0 leather armour (worn)
 i - a +1 helmet (worn)
 s - a +2 cloak (worn)
Jewellery
 d - a ring of fire
 h - a ring of willpower (right hand)
 k - a +6 ring of dexterity (left hand)
 n - a ring of fire
Wands
 o - a wand of quicksilver (10)
 p - a wand of digging (4)
Scrolls
 b - a scroll of immolation
Potions
 e - 2 potions of flight
 f - 3 potions of lignification
 j - 2 potions of attraction
 l - 2 potions of cancellation {unknown}
 m - a potion of invisibility
 q - a potion of haste
 r - a potion of heal wounds
 t - a potion of berserk rage {unknown}
 v - a potion of brilliance {unknown}
 w - a potion of ambrosia {unknown}
 x - a potion of curing {unknown}


   Skills:
 - Level 1.7 Fighting
 + Level 10.8 Ranged Weapons
 - Level 1.7 Dodging
 - Level 0.8 Stealth


You had 7 spell levels left.
You didn't know any spells.
Your spell library contained the following spells:

 Spells                   Type           Power      Damage    Failure   Level
 Apportation              Tloc           0%         N/A       41%         1
 Necrotise                Necr           0%         1d4       41%         1
 Summon Small Mammal      Summ           0%         N/A       41%         1
 Sublimation of Blood     Necr           0%         N/A       56%         2
 Wereblood                Tmut           0%         N/A       56%         2
 Summon Hydra             Summ           0%         N/A       100%        7


Dungeon Overview and Level Annotations

Branches:
Dungeon (7/15)             Temple (0/1) D:7           Sewer (visited)

Shops:
D:1 *   D:3 [


Innate Abilities, Weirdness & Mutations

You have an increased reservoir of magic. (+10% MP)
You shall have no god before yourself.
Your divine heritage dramatically boosts your attributes as you level up.


Message History

No target in view!
You see here a +0 whip.
r - 2 potions of heal wounds
Found a +0 short sword.
Found a staircase to the Ecumenical Temple.
You shoot an arrow. The orc warrior shouts!
The arrow hits the orc warrior but does no damage.
You hear a shout!
You shoot an arrow. The arrow hits the orc warrior!
The orc warrior is moderately wounded.
The orc warrior shoots an arrow.
The arrow hits you!! The arrow burns you!
You shoot an arrow.
The arrow barely misses the orc warrior.
You shoot an arrow. The arrow hits the orc warrior.
The orc warrior is heavily wounded.
The orc warrior shoots an arrow.
The arrow hits you! The arrow burns you.
You are too injured to fight recklessly!
You are too injured to fight recklessly!
You are too injured to fight recklessly!
You are too injured to fight recklessly!
You feel much better.
The orc warrior shoots an arrow.
The arrow barely misses you.
You shoot an arrow. The orc wizard shouts!
The arrow hits the orc warrior but does no damage.
The orc warrior is heavily wounded.
An orc comes into view. It is wielding a +0 dagger.
The orc warrior shoots an arrow.
The arrow hits you! The arrow burns you.
As you read the scroll of teleportation, it crumbles to dust.
You feel strangely unstable.
The orc warrior shoots an arrow.
The arrow hits you. The arrow burns you.
* * * LOW HITPOINT WARNING * * *
The orc warrior shoots an arrow.
The arrow hits you.
* * * LOW HITPOINT WARNING * * *
The arrow burns you.
* * * LOW HITPOINT WARNING * * *
Your surroundings suddenly seem different.
The orc warrior shoots an arrow.
The arrow hits you!
You die...

.................$.#
#####.#######......#
#. #......# #
###......#
#........#
#.....oo.#
#......o..
#......).>.
#@....... #...##...
#...# ##..# ###


You could see an orc warrior, an orc wizard and an orc.

Vanquished Creatures
  Edmund (D:5)
  An acid dragon (D:6)
  A sky beast (D:6)
  Pargi (Sewer)
  A phantom (D:5)
  A necrophage (D:5)
  3 scorpions
  3 hounds
  6 orc priests
  Crazy Yiuf (D:5)
  A gnoll bouda (D:5)
  4 jellies
  Natasha (thrice) (D:3)
  3 iguanas
  An orc wizard (D:5)
  14 adders
  2 gnolls
  3 white imps
  2 ufetubi
  5 worms
  2 dart slugs (D:2)
  24 orcs
  9 endoplasms
  4 goblins
  4 hobgoblins
  3 jackals (Sewer)
  3 quokkas
  13 ball pythons
  4 bats
  2 frilled lizards
  6 kobolds
  2 rats
133 creatures vanquished.

Vanquished Creatures (others)
  2 plants (D:2)
2 creatures vanquished.

Grand Total: 135 creatures vanquished

Notes
Turn   | Place    | Note
-------+----------+-------------------------------------------
     0 | D:1      | HoaS the Demigod Hunter began the quest for the Orb.
     0 | D:1      | Reached XP level 1. HP: 17/17 MP: 3/3
    19 | D:1      | Found Fakusun's Assorted Antiques.
   217 | D:1      | Reached skill level 4 in Ranged Weapons
   220 | D:1      | Reached XP level 2. HP: 24/24 MP: 4/4
   902 | D:2      | Reached XP level 3. HP: 29/29 MP: 5/5
  1069 | D:2      | Reached skill level 5 in Ranged Weapons
  1410 | D:1      | Reached XP level 4. HP: 36/36 MP: 6/6
  1471 | D:3      | Found Ysi Tuig's Antique Armour Emporium.
  1580 | D:3      | Bought a helmet for 126 gold pieces
  2257 | D:3      | Noticed Natasha
  2265 | D:3      | Killed Natasha
  2266 | D:3      | Reached skill level 6 in Ranged Weapons
  2266 | D:3      | Reached XP level 5. HP: 29/41 MP: 7/7
  2332 | D:3      | Noticed Natasha
  2477 | D:3      | Killed Natasha
  2544 | D:3      | Noticed Natasha
  2551 | D:3      | Killed Natasha
  2959 | D:4      | Found a glowing drain.
  2984 | Sewer    | Entered a sewer
  3015 | Sewer    | Noticed Pargi
  3022 | Sewer    | Killed Pargi
  3023 | Sewer    | Reached skill level 7 in Ranged Weapons
  3023 | Sewer    | Reached XP level 6. HP: 44/48 MP: 8/8
  3222 | D:5      | Entered Level 5 of the Dungeon
  3404 | D:5      | Found a runed translucent door.
  3405 | D:5      | Noticed Crazy Yiuf
  3498 | D:5      | Reached skill level 8 in Ranged Weapons
  3500 | D:5      | Reached XP level 7. HP: 13/53 MP: 9/9
  3791 | D:5      | Noticed Edmund
  3823 | D:5      | Killed Edmund
  3828 | D:5      | Reached skill level 9 in Ranged Weapons
  4524 | D:5      | Killed Crazy Yiuf
  4849 | D:6      | Reached XP level 8. HP: 60/60 MP: 10/10
  5135 | D:6      | Reached skill level 10 in Ranged Weapons
  5772 | D:7      | Found a staircase to the Ecumenical Temple.
  5781 | D:7      | Shot with an arrow by an orc warrior

Illustrated notes

Levels and vault maps discovered:
D:1:      evilmike_arrival_plus, layout_basic, chequers_ecumenical_altar_simple,
          serial_shops, shop_statue
D:2:      layout_loops_ring, corexii_shack
D:3:      layout_rooms, grunt_temple_overflow_open, serial_shops,
          nicolae_square_shop, uniq_natasha
D:4:      layout_rooms, cheibrodos_sewer_entry_bend
D:5:      minmay_recursive_quarters, layout_rooms, grunt_ministairs_1,
          nicolae_figureground_pulse, uniq_edmund, uniq_crazy_yiuf_cottage
D:6:      layout_rooms, mainiacjoe_overflow_24_doors,
          nicolae_wu_jian_wuxing_cycle, nicolae_ashenzari_skybound
D:7:      layout_basic, grunt_qazlal_clouds, minmay_temple_entry_proselytizer,
          serial_corexii_hall, chequers_hall_statues_y, chequers_hall_statues_y,
          chequers_hall_statues_corner_a, corexii_hall_statues_l,
          chequers_mini_garden, nicolae_shop_unique_rings, uniq_pikel,
          uniq_prince_ribbit1

Skill      XL: |  1  2  3  4  5  6  7  8 |
---------------+-------------------------+-----
Ranged Weapons | 4 5 6 7 8 9 10 | 10.8
Fighting       | |  1.7
Dodging        | |  1.7
Stealth        | |  0.8

Action                     |  1- 3 |  4- 6 |  7- 9 || total
---------------------------+-------+-------+-------++-------
   Fire: Shortbow          |    98 |   159 |   165 ||   422
    Use: Scroll            |     7 |     6 |     6 ||    19
         Potion            |       |       |     3 ||     3
 Armour: Leather armour    |    20 |     9 |    11 ||    40
  Dodge: Dodged            |    43 |    32 |    23 ||    98

Table legend: (Time is in decaauts)
 A = Elapsed time spent in this place.
 B = Non-inter-level travel time spent in this place.
 C = Inter-level travel time spent in this place.
 D = Time resting spent in this place.
 E = Time spent auto-exploring this place.
 F = Levels seen in this place.
 G = Mean time per level.
                   A        B        C        D        E       F      G
               +--------+--------+--------+--------+--------+-----+--------+
         Total |   5875 |   5687 |    188 |   1769 |   2945 |   8 |  734.4 |
       Dungeon |   5764 |   5576 |    188 |   1769 |   2867 |   7 |  823.4 |
         Sewer |    111 |    111 |      0 |      0 |     78 |   1 |  111.0 |
               +--------+--------+--------+--------+--------+-----+--------+

Top non-repeatable levels by time:
     D:5: 1353 daAuts
     D:3: 1255 daAuts
     D:6: 1124 daAuts
     D:2: 899 daAuts
     D:1: 594 daAuts
     D:4: 440 daAuts
   Sewer: 111 daAuts
     D:7: 97 daAuts
